 Dungeon Crawl Stone Soup version 0.26-a0-651-gb41185065b (webtiles) character file.

Game seed: 3045812193826995846

79788 ringo67 the Arsonist (level 15, -1/158 HPs)
             Began as an Ogre Fire Elementalist on Sept 30, 2020.
             Was a High Priest of Sif Muna.
             Slain by a shambling mangrove (16 damage)
             ... on level 2 of the Swamp on Oct 1, 2020.
             The game lasted 01:57:13 (40941 turns).

ringo67 the Arsonist (Ogre Fire Elementalist)      Turns: 40941, Time: 01:57:15

Health: -1/158     AC: 23    Str: 16    XL:     15   Next: 64%
Magic:  2/36       EV:  8    Int: 21    God:    Sif Muna [*****.]
Gold:   2127       SH: 16    Dex:  9    Spells: 11/30 levels left

rFire    . . .     SeeInvis .   E - +5 scimitar (flame)
rCold    . . .     Faith    .   u - +0 kite shield {AC+3}
rNeg     . . .     Spirit   .   b - +0 swamp dragon scales
rPois    +         Reflect  +   z - +2 hat {MR+}
rElec    .         Harm     .   R - +1 cloak {MR+}
rCorr    .         Rampage  .   (gloves unavailable)
MR       +++..                  (boots unavailable)
Stlth    +.........             l - amulet of reflection
HPRegen  0.36/turn              s - ring of magical power
MPRegen  0.25/turn              U - +4 ring of protection

@: icy armour, grasped by roots, slowed, constricted, very slow
A: large, unfitting armour, tough skin 1
a: Channel Magic, Forget Spell, Divine Exegesis, Renounce Religion


You were on level 2 of the Swamp.
You worshipped Sif Muna.
Sif Muna was extremely pleased with you.
You visited 4 branches of the dungeon, and saw 20 of its levels.
You also visited: Ossuary and Ice Cave.

You collected 2127 gold pieces.

Inventory:

Hand Weapons
 e - a +0 giant spiked club
 E - a +5 scimitar of flaming (weapon)
Missiles
 f - 8 large rocks (quivered)
 w - 7 javelins
Armour
 b - +0 swamp dragon scales (worn)
 k - a +3 tower shield
 r - a +0 robe of fire resistance
 u - a +0 kite shield of protection (worn)
 z - a +2 hat of magic resistance (worn)
 C - a +0 troll leather armour
 N - a scarf of repulsion
 O - a +1 robe of cold resistance
 P - +0 ice dragon scales
 R - a +1 cloak of magic resistance (worn)
Jewellery
 l - an amulet of reflection (around neck)
 s - a ring of magical power (left hand)
 U - a +4 ring of protection (right hand)
Wands
 d - a wand of flame (24)
 n - a wand of acid (38)
 A - a wand of enslavement (12)
 G - a wand of digging (10)
 T - a wand of polymorph (15)
 V - a wand of random effects (7)
Scrolls
 j - 6 scrolls of amnesia
 m - 2 scrolls of blinking
 o - 4 scrolls of enchant armour
 v - 2 scrolls of identify
 y - 2 scrolls of fog
 B - 6 scrolls of remove curse
 H - 6 scrolls of immolation
 I - 2 scrolls of fear
 J - 4 scrolls of teleportation
 Q - 2 scrolls of magic mapping
Potions
 a - 2 potions of brilliance
 c - 6 potions of haste
 g - 4 potions of might
 h - 7 potions of cancellation
 i - 13 potions of curing
 p - 4 potions of magic
 q - 4 potions of lignification
 t - 2 potions of flight
 x - 2 potions of mutation
 F - a potion of invisibility
 K - a potion of heal wounds
 M - 2 potions of ambrosia


   Skills:
 + Level 12.3 Fighting
 + Level 2.7 Armour
 - Level 7.1 Dodging
 - Level 1.4 Stealth
 - Level 11.2 Shields
 - Level 8.3 Spellcasting
 + Level 11.8 Conjurations
 + Level 12.4 Fire Magic
 - Level 5.1 Ice Magic
 - Level 6.0 Invocations


You had 11 spell levels left.
You knew the following spells:

 Your Spells              Type           Power        Failure   Level
a - Foxfire               Conj/Fire      ####         1%          1
b - Conjure Flame         Conj/Fire      ######..     1%          3
c - Sticky Flame          Conj/Fire      ######..     1%          4
d - Frozen Ramparts       Ice            ####..       5%          3
e - Fireball              Conj/Fire      ######....   2%          5
f - Ozocubu's Armour      Ice            ####....     5%          3

Your spell library contained the following spells:

 Spells                   Type           Power        Failure   Level
 Freeze                   Ice            ####         1%          1
 Magic Dart               Conj           ####         1%          1
 Dazzling Flash           Conj/Hex       ####..       3%          3
 Inner Flame              Hex/Fire       ####....     3%          3
 Stone Arrow              Conj/Erth      ####..       3%          3
 Iskenderun's Battlesphe  Conj           ######..     3%          5
 Hailstorm                Conj/Ice       #####...     4%          4
 Mephitic Cloud           Conj/Pois/Air  ####....     9%          3
 Fulminant Prism          Conj/Hex       ####......   13%         4
 Iskenderun's Mystic Bla  Conj/Tloc      ####....     13%         4
 Corona                   Hex            #......      14%         1
 Starburst                Conj/Fire      ######....   16%         6
 Poisonous Vapours        Pois/Air       #.....       22%         2
 Slow                     Hex            #.......     22%         2
 Irradiate                Conj/Tmut      ####......   34%         5
 Lightning Bolt           Conj/Air       ####......   34%         5
 Confusing Touch          Hex            #.......     41%         3
 Gell's Gravitas          Tloc           #.........   41%         3
 Lesser Beckoning         Tloc           #.........   41%         3
 Portal Projectile        Hex/Tloc       #.....       41%         3
 Teleport Other           Tloc           #.......     41%         3
 Summon Ice Beast         Ice/Summ       ###.....     45%         4
 Orb of Destruction       Conj           ######....   67%         7
 Cause Fear               Hex            #.........   82%         4
 Leda's Liquefaction      Hex/Erth       #.........   82%         4
 Iron Shot                Conj/Erth      ####......   89%         6
 Freezing Cloud           Conj/Ice/Air   ####......   91%         6
 Summon Mana Viper        Hex/Summ       #.......     99%         5
 Death Channel            Necr           #.........   100%        6
 Hydra Form               Tmut           #.........   100%        6
 Statue Form              Tmut/Erth      #........    100%        6
 Dragon Form              Tmut           #.........   100%        7
 Chain Lightning          Conj/Air       ####......   100%        8
 Fire Storm               Conj/Fire      ######....   100%        9


Dungeon Overview and Level Annotations

Branches:
Dungeon (10/15)            Temple (0/1) D:5            Lair (6/6) D:10
  Swamp (2/4) Lair:2        Snake (0/4) Lair:4        Slime (0/5) Lair:5
    Orc (2/2) D:10            Elf (0/3) Orc:2       Ossuary (visited)
  IceCv (visited)

Altars:
Dithmenos
Fedhas
Makhleb
Qazlal
Sif Muna
Trog
Vehumet
Wu Jian
Xom
Beogh

Shops:
D:8 (   Orc:2 }!}*(

Annotations:
D:3 1 runed translucent door, Crazy Yiuf
D:5 2 transporters, oldriver's ghost, amateur GrFi
Swamp:1 3 runed translucent doors, Sun's ghost, adept DgFE; simcity's ghost, journeyman OpCj


Innate Abilities, Weirdness & Mutations

You are too large for most types of armour.
You have tough skin. (AC +1)


Message History

You block the hornet's attack. x2; Roots burst forth from the earth!
The grasping roots grab you!
* * * LOW HITPOINT WARNING * * *
The grasping roots constrict you.
Casting: Sticky Flame (mildly dangerous; 1% risk of failure)
Confirm with . or Enter, or press ? or * to list all spells.
Press: ? - help, Shift-Dir - straight line, f - shambling mangrove, p - hornet
Aim: a shambling mangrove (almost destroyed, covered in liquid flames)
The sticky flame hits the shambling mangrove but does no damage.
The shambling mangrove is almost destroyed.
The shambling mangrove is covered in liquid flames!
The shambling mangrove burns! x2; The hornet burns! x3
The hornet stops burning.
You block the hornet's attack.
The hornet stings you but does no damage.
The hornet stings you!
* * * LOW HITPOINT WARNING * * *
You feel as though you will be slow longer.
You block the hornet's attack. The shambling mangrove hits you!
* * * LOW HITPOINT WARNING * * *
You die...

...≈..♣ ♣♣ .≈.≈..≈
♣♣♣♣≈. ♣.≈..≈ ...≈..
♣≈≈≈≈.♣♣≈≈≈.≈≈
♣.≈≈≈≈.=≈≈≈.≈≈
♣♣...≈≈.......
♣♣≈...fyy...... ♣♣♣
♣♣...§§♣@≈.≈≈... .≈♣
♣♣.$≈≈≈≈.♣≈....<≈ ..♣♣
♣.≈≈≈≈≈≈.♣♣...♣♣♣ ...♣
♣≈≈≈≈≈≈≈.≈♣.≈.♣ ...♣♣
♣♣≈≈.≈≈≈≈≈...≈.♣♣♣
...≈♣♣♣≈..≈≈≈≈.....≈≈≈≈♣
♣♣.....♣♣♣≈≈≈.....≈≈≈≈.♣
....≈≈≈.>......≈≈≈≈≈≈.≈♣
....≈≈≈.≈≈≈....≈≈≈≈≈.≈♣♣


You could see a shambling mangrove (burning) and 2 hornets.

Vanquished Creatures
  2 thorn hunters (Swamp:2)
  Gastronok (Orc:1)
  Erolcha (D:10)
  A catoblepas (Lair:6)
  2 ice dragons
  Fannar (Lair:1)
  Erica (D:8)
  5 hydras
  2 ghost crabs
  Harold (D:7)
  A shambling mangrove (Swamp:2)
  7 alligators
  2 two-headed ogres
  A deep troll shaman (Lair:6)
  5 death yaks (Lair:6)
  Urug (Orc:1)
  3 orc high priests (Orc:2)
  A spriggan druid (Swamp:1)
  3 swamp dragons
  5 orc knights
  A necromancer (IceCv)
  3 orc sorcerers (Orc:2)
  A cyclops (Orc:1)
  7 black mambas
  9 elephants
  2 ice statues (IceCv)
  A torpor snail (Lair:4)
  Joseph (D:8)
  2 kobold demonologists (D:9)
  9 cane toads
  4 komodo dragons
  10 rime drakes
  3 polar bears
  9 ice devils (IceCv)
  14 blink frogs
  2 hornets (Swamp:2)
  8 tyrant leeches
  Grinder (D:3)
  A slime creature (Lair:5)
  6 hippogriffs
  6 bog bodies
  5 dream sheep (Lair:4)
  5 spriggans
  17 yaks
  4 basilisks
  Grum (D:8)
  4 vampire mosquitoes (Swamp:1)
  14 insubstantial wisps
  4 nagas (Lair:4)
  8 swamp worms
  9 water moccasins
  Duvessa (D:5)
  3 wargs
  23 orc warriors
  11 porcupines
  2 swamp drakes
  A sky beast (D:9)
  2 ice beasts
  9 black bears
  A phantom (D:4)
  4 necrophages (D:7)
  An eye of draining (D:8)
  6 ogres
  29 wolves
  6 centaurs
  9 crocodiles
  5 big kobolds
  9 bullfrogs
  13 scorpions
  Dowan (D:5)
  3 killer bees
  8 wights
  2 electric eels
  2 howler monkeys
  A crimson imp (D:4)
  4 centaur zombies (Ossuary)
  4 jellies
  A quasit (D:10)
  2 bullfrog zombies
  3 draconian simulacra (IceCv)
  6 hounds
  18 orc priests
  5 iguanas
  29 orc wizards
  5 worker ants
  Natasha (thrice) (D:3)
  A spriggan simulacrum (IceCv)
  A troll simulacrum (IceCv)
  3 centaur simulacra (IceCv)
  4 big kobold zombies (Ossuary)
  A hound skeleton (D:5)
  3 mummies (Ossuary)
  4 worker ant zombies
  4 scorpion zombies (Ossuary)
  16 gnolls
  An ogre simulacrum (IceCv)
  9 adders
  A naga simulacrum (IceCv)
  2 shadow imps (D:9)
  5 white imps
  3 ufetubi
  An ooze (D:2)
  3 adder skeletons
  4 dart slugs
  A worm (D:2)
  10 leopard geckos
  73 orcs
  3 giant cockroaches
  6 goblins
  6 hobgoblins
  11 jackals
  22 kobolds
  A quokka (D:9)
  A ball python (D:3)
  5 bats
  7 frilled lizards
  4 goblin zombies (Ossuary)
  2 hobgoblin zombies (Ossuary)
  3 kobold zombies (Ossuary)
  An orc zombie (Ossuary)
  2 quokka zombies
  6 rats
  A bush (Lair:6)
680 creatures vanquished.

Vanquished Creatures (collateral kills)
  101 foxfires
101 creatures vanquished.

Vanquished Creatures (others)
  A cane toad (Swamp:1)
  A shadow (Swamp:2)
  A swamp worm (Swamp:1)
  A goblin zombie (Ossuary)
  8 bushes
  2699 foxfires
  53 fungi
  77 plants
2841 creatures vanquished.

Grand Total: 3622 creatures vanquished

Notes
Turn   | Place    | Note
-------+----------+-------------------------------------------
     0 | D:1      | ringo67 the Ogre Fire Elementalist began the quest for the
                  | Orb.
     0 | D:1      | Reached XP level 1. HP: 16/16 MP: 3/3
    31 | D:1      | Reached skill level 1 in Conjurations
   285 | D:1      | Reached XP level 2. HP: 21/24 MP: 1/5
   884 | D:1      | Reached XP level 3. HP: 23/31 MP: 0/7
  1566 | D:2      | Found a shimmering blue altar of Sif Muna.
  1566 | D:2      | Found a stormy altar of Qazlal.
  1566 | D:2      | Found an ornate altar of the Wu Jian Council.
  1572 | D:2      | Became a worshipper of Sif Muna the Loreminder
  1858 | D:2      | Reached XP level 4. HP: 35/39 MP: 4/8
  2072 | D:2      | Learned a level 3 spell: Conjure Flame
  2077 | D:2      | Learned a level 4 spell: Sticky Flame
  2347 | D:3      | Noticed Natasha
  2362 | D:3      | Killed Natasha
  2413 | D:3      | Noticed Natasha
  2480 | D:3      | Reached skill level 1 in Fighting
  2507 | D:3      | Reached XP level 5. HP: 48/48 MP: 4/9
  2512 | D:3      | Killed Natasha
  2978 | D:3      | Noticed Natasha
  3012 | D:3      | Reached * piety under Sif Muna
  3292 | D:3      | Killed Natasha
  3444 | D:3      | Noticed Grinder
  3514 | D:3      | Found a runed translucent door.
  3515 | D:3      | Noticed Crazy Yiuf
  3747 | D:4      | Noticed an ogre
  3753 | D:4      | Killed an ogre
  3753 | D:4      | Reached XP level 6. HP: 57/57 MP: 4/11
  3810 | D:4      | Noticed a phantom
  4512 | D:4      | Found a burning altar of Makhleb.
  4535 | D:4      | Killed a phantom
  4535 | D:4      | Reached XP level 7. HP: 58/67 MP: 4/13
  4604 | D:5      | Entered Level 5 of the Dungeon
  4604 | D:5      | Found a sand-covered staircase.
  4624 | Ossuary  | Entered an ossuary
  4880 | Ossuary  | Reached skill level 5 in Fire Magic
  5299 | Ossuary  | Reached XP level 8. HP: 65/78 MP: 14/14
  5310 | Ossuary  | Reached ** piety under Sif Muna
  5493 | Ossuary  | Reached skill level 5 in Conjurations
  5549 | Ossuary  | Reached skill level 5 in Spellcasting
  5730 | D:5      | Learned a level 3 spell: Frozen Ramparts
  5870 | D:5      | Found a staircase to the Ecumenical Temple.
  5945 | D:5      | Found a transporter.
  5945 | D:5      | Noticed oldriver's ghost (amateur GrFi)
  5948 | D:5      | Found a transporter.
  6298 | D:5      | Noticed Duvessa
  6298 | D:5      | Noticed Dowan
  6305 | D:5      | Killed Dowan
  6305 | D:5      | Reached skill level 1 in Shields
  6305 | D:5      | Reached skill level 1 in Ice Magic
  6316 | D:5      | Killed Duvessa
  6944 | D:6      | Reached XP level 9. HP: 78/85 MP: 17/17
  7325 | D:6      | Found a bloodstained altar of Trog.
  7522 | D:6      | Reached *** piety under Sif Muna
  8275 | D:7      | Found a blossoming altar of Fedhas.
  8976 | D:8      | Noticed Grum
  8981 | D:7      | Reached XP level 10. HP: 85/94 MP: 20/20
  8993 | D:7      | Learned a level 5 spell: Fireball
  8997 | D:7      | Learned a level 3 spell: Ozocubu's Armour
  9997 | D:8      | Noticed Harold
 10450 | D:8      | Killed Grum
 10691 | D:8      | Noticed Erica
 10704 | D:8      | Killed Erica
 11019 | D:8      | Reached **** piety under Sif Muna
 11215 | D:8      | Found Irghanore's Antique Weapon Shop.
 11336 | D:8      | Reached skill level 5 in Shields
 11551 | D:8      | Noticed Joseph
 11562 | D:8      | Killed Joseph
 12171 | D:4      | Found a radiant altar of Vehumet.
 12454 | D:3      | Killed Grinder
 12454 | D:3      | Reached skill level 5 in Fighting
 12454 | D:3      | Reached skill level 1 in Invocations
 12701 | D:7      | Killed Harold
 12701 | D:7      | Reached XP level 11. HP: 26/104 MP: 8/23
 13794 | D:9      | Noticed a two-headed ogre
 13809 | D:9      | Killed a two-headed ogre
 14012 | D:9      | Noticed a sun demon
 14029 | D:9      | Noticed a sixfirhy
 14422 | D:9      | Found a shadowy altar of Dithmenos.
 15167 | D:10     | Entered Level 10 of the Dungeon
 15405 | D:10     | Found a staircase to the Lair.
 15598 | D:10     | Noticed Erolcha
 15908 | D:10     | Paralysed by Erolcha for 6 turns
 15914 | D:10     | Killed Erolcha
 16213 | D:10     | Noticed a two-headed ogre
 16226 | D:10     | Killed a two-headed ogre
 16485 | D:10     | Found a staircase to the Orcish Mines.
 16753 | D:10     | Reached ***** piety under Sif Muna
 16767 | D:10     | Reached XP level 12. HP: 106/119 MP: 12/24
 16965 | Lair:1   | Entered Level 1 of the Lair of Beasts
 17482 | Lair:1   | Identified Sif Muna's Disquisition on Harmful Feathers (Sif
                  | Muna gifted it to you on level 1 of the Lair of Beasts)
 17482 | Lair:1   | Received a gift from Sif Muna
 17610 | Lair:1   | Noticed Fannar
 17646 | Lair:1   | Killed Fannar
 19857 | Lair:2   | Reached skill level 10 in Fire Magic
 20011 | Lair:2   | Found a staircase to the Swamp.
 21154 | Lair:3   | Reached skill level 10 in Fighting
 21703 | Lair:4   | Reached skill level 5 in Invocations
 22247 | Lair:4   | Reached XP level 13. HP: 100/135 MP: 17/25
 23435 | Lair:4   | Identified Sif Muna's Catalogue of Combat Magic and Fire
                  | (Sif Muna gifted it to you on level 4 of the Lair of
                  | Beasts)
 23435 | Lair:4   | Received a gift from Sif Muna
 23514 | Lair:4   | Found a staircase to the Snake Pit.
 25449 | Lair:5   | Found a staircase to the Slime Pits.
 25838 | Lair:5   | Reached skill level 10 in Conjurations
 26652 | Lair:6   | Entered Level 6 of the Lair of Beasts
 28543 | Lair:6   | Got an iridescent halberd
 28593 | Lair:6   | Noticed an ice dragon
 28620 | Lair:5   | Identified a scroll of acquirement
 28620 | Lair:5   | Acquired a +0 kite shield of protection
 28936 | Lair:5   | Identified the cursed +1 halberd of Faciur {drain, Str+3}
                  | (You found it on level 6 of the Lair of Beasts)
 29109 | Lair:6   | Killed an ice dragon
 29109 | Lair:6   | Reached XP level 14. HP: 114/144 MP: 24/26
 29743 | Lair:6   | Reached skill level 5 in Dodging
 29744 | Lair:6   | Reached skill level 10 in Shields
 30446 | Lair:6   | Identified the Grimoire of Curses
 31006 | Orc:1    | Entered Level 1 of the Orcish Mines
 31038 | Orc:1    | Noticed Gastronok
 31189 | Orc:1    | Killed Gastronok
 31204 | Orc:1    | Noticed Urug
 31205 | Orc:1    | Found a roughly hewn altar of Beogh.
 31421 | Orc:1    | Killed Urug
 31470 | Orc:1    | Found a frozen archway.
 31509 | IceCv    | Entered an ice cave
 33287 | Orc:1    | Identified Sif Muna's Disquisition on Orientation and Evil
                  | Arts (Sif Muna gifted it to you on level 1 of the Orcish
                  | Mines)
 33287 | Orc:1    | Received a gift from Sif Muna
 33759 | Orc:2    | Entered Level 2 of the Orcish Mines
 33979 | Orc:2    | Found a shimmering altar of Xom.
 33982 | Orc:2    | Found Duifilegg's Gadget Shop.
 34044 | Orc:2    | Found a staircase to the Elven Halls.
 34604 | Orc:2    | Reached skill level 5 in Ice Magic
 34951 | Orc:2    | Reached XP level 15. HP: 105/153 MP: 18/27
 35095 | Orc:2    | Found Koudybbiept's Weapon Shop.
 35095 | Orc:2    | Found Loluecom's Gadget Emporium.
 35097 | Orc:2    | Found Doetol's Distillery.
 35097 | Orc:2    | Found Tolacw's General Store.
 35383 | Swamp:1  | Entered Level 1 of the Swamp
 37708 | Swamp:1  | Identified Kopnos's Incunabulum of Battle Magic (Sif Muna
                  | gifted it to you on level 1 of the Swamp)
 37708 | Swamp:1  | Received a gift from Sif Muna
 37813 | Swamp:1  | Found a runed translucent gate.
 37815 | Swamp:1  | Found a runed translucent gate.
 37816 | Swamp:1  | Found a runed translucent gate.
 37995 | Swamp:1  | Noticed simcity's ghost (journeyman OpCj)
 37995 | Swamp:1  | Noticed Sun's ghost (adept DgFE)
 38729 | Lair:2   | Reached skill level 1 in Armour
 40380 | Swamp:2  | Noticed a thorn hunter
 40397 | Swamp:2  | Killed a thorn hunter
 40684 | Swamp:2  | Noticed a thorn hunter
 40706 | Swamp:2  | Killed a thorn hunter
 40941 | Swamp:2  | Slain by a shambling mangrove

Illustrated notes

Levels and vault maps discovered:
D:1:      lemuel_arrival_room, layout_loops_ring
D:2:      layout_loops_ring, chequers_temple_overflow_statue_of_worship
D:3:      layout_loops_ring, uniq_natasha, uniq_grinder, uniq_crazy_yiuf_cottage
D:4:      layout_basic, grunt_temple_overflow_lords_of_destruction
D:5:      layout_basic, minmay_temple_entry_glass, gammafunk_ghost_arena,
          nicolae_ossuary_entry_ruins, uniq_duvessa
D:6:      layout_basic, trog_butcher_becter
D:7:      layout_loops_corners, hangedman_decor_opposing,
          fedhas_altar_decomposition
D:8:      layout_cave_pools, nicolae_lava_and_water, kennysheep_windowed_goal,
          uniq_harold, uniq_joseph, uniq_grum, uniq_erica
D:9:      layout_basic, basic_altar, chequers_serial_rivers_large_a
D:10:     layout_stronghold, due_lair_maze_entry_diamond, erik_orc_4,
          uniq_erolcha
Lair:1:   layout_small_grid, grunt_megastairs_3, uniq_fannar
Lair:2:   layout_cellular_growth, minmay_swamp_entry_worms
Lair:3:   layout_roguey, forest_entry_grove
Lair:4:   layout_loops_ring, minmay_snake_entry_guardpost_large,
          lemuel_fruit_fields
Lair:5:   layout_cellular_growth, minmay_slime_entry_pillars,
          minmay_lair_drake_nest, serial_bayou_shore_b,
          infiniplex_staircase_pool, grunt_megastairs_4
Lair:6:   grunt_lair_end_beastmaster, layout_regular_city,
          bobbens_ice_dragon_lair
Swamp:1:  layout_basic_swamp, gammafunk_ghost_cemetery, nicolae_swamp_treefoil
Swamp:2:  layout_basic_swamp, evilmike_swamp_ruin_wall
Orc:1:    layout_caves, portal_ice_cave_entry_animals_and_master, basic_altar,
          uniq_urug, uniq_gastronok
Orc:2:    grunt_orc_tribal_feast, layout_caves, basic_altar, serial_shops,
          nicolae_shop_competitors_out_of_business

Skill      XL: |  1  2  3  4  5  6  7  8  9 10 11 12 13 14 15 |
---------------+----------------------------------------------+-----
Conjurations   | 1 2 3 4 5 6 7 8 9 10 11 | 11.8
Fire Magic     | 3 4 5 6 7 8 9 10 11 12 | 12.4
Spellcasting   | 3 4 5 6 8 |  8.3
Fighting       | 1 2 3 4 5 8 10 11 12 | 12.3
Shields        | 1 3 5 7 8 9 10 11 | 11.2
Ice Magic      | 1 3 4 5 |  5.1
Invocations    | 2 4 5 6 |  6.0
Dodging        | 4 6 7 |  7.1
Armour         | 2 |  2.7
Stealth        | |  1.4

Action                   |  1- 3 |  4- 6 |  7- 9 | 10-12 | 13-15 || total
-------------------------+-------+-------+-------+-------+-------++-------
Melee: Short sword       |    23 |    22 |   106 |    13 |       ||   164
       Unarmed           |     1 |       |       |       |       ||     1
       Scimitar          |       |       |       |   111 |   486 ||   597
Throw: Large rock        |       |       |       |       |     2 ||     2
 Cast: Foxfire           |    62 |    99 |   319 |   569 |   570 ||  1619
       Conjure Flame     |       |     1 |       |       |       ||     1
       Sticky Flame      |       |       |     8 |    58 |   166 ||   232
       Frozen Ramparts   |       |       |     1 |    33 |    61 ||    95
       Fireball          |       |       |       |     7 |    12 ||    19
       Ozocubu's Armour  |       |       |       |       |     4 ||     4
  Use: Scroll            |     3 |     3 |     7 |     7 |    18 ||    38
       Potion            |     1 |       |       |     1 |     2 ||     4
 Stab: Sleeping          |     2 |     1 |       |       |     1 ||     4
       Petrified         |       |       |       |       |     1 ||     1
Armor: Robe              |     2 |     2 |    21 |    47 |   187 ||   259
       Swamp dragon scal |       |       |       |       |    98 ||    98
Dodge: Dodged            |    21 |    23 |    72 |   143 |   297 ||   556
Block: Other             |       |     6 |    30 |    70 |    27 ||   133
       Reflection        |       |     3 |     5 |     4 |     8 ||    20
       Kite shield       |       |       |       |       |   527 ||   527
       Rpst.: Scimitar   |       |       |       |    19 |    69 ||    88

Table legend: (Time is in decaauts)
 A = Elapsed time spent in this place.
 B = Non-inter-level travel time spent in this place.
 C = Inter-level travel time spent in this place.
 D = Time resting spent in this place.
 E = Time spent auto-exploring this place.
 F = Levels seen in this place.
 G = Mean time per level.
                   A        B        C        D        E       F      G
               +--------+--------+--------+--------+--------+-----+--------+
         Total |  41391 |  40191 |   1200 |  19634 |  12115 |  22 | 1881.4 |
       Dungeon |  16894 |  16109 |    785 |   7043 |   5483 |  10 | 1689.4 |
          Lair |  15575 |  15247 |    328 |   8101 |   4927 |   6 | 2595.8 |
         Swamp |   3940 |   3905 |     35 |   2101 |    815 |   2 | 1970.0 |
  Orcish Mines |   2513 |   2462 |     51 |    948 |    790 |   2 | 1256.5 |
       Ossuary |   1047 |   1047 |      0 |    527 |      0 |   1 | 1047.0 |
      Ice Cave |   1420 |   1420 |      0 |    914 |    100 |   1 | 1420.0 |
               +--------+--------+--------+--------+--------+-----+--------+

Top non-repeatable levels by time:
  Lair:5: 4154 daAuts
  Lair:2: 3398 daAuts
     D:7: 2801 daAuts
    D:10: 2627 daAuts
  Lair:6: 2564 daAuts
     D:9: 2247 daAuts
  Lair:4: 2193 daAuts
 Swamp:1: 2178 daAuts
 Swamp:2: 1761 daAuts
  Lair:3: 1718 daAuts
     D:8: 1648 daAuts
  Lair:1: 1545 daAuts
   IceCv: 1420 daAuts
   Orc:2: 1415 daAuts
     D:1: 1411 daAuts
